 Dungeon Sprint DCSS version 0.31-a0-881-ge136f0c47a (webtiles) character file.

Game seed: 12464788876032875453

342 rocky1 the Cruncher (level 6, -8/49 HPs)
             Began as a Demonspawn Gladiator on Oct 16, 2023.
             Was an Initiate of Makhleb.
             Mangled by a komodo dragon (25 damage)
             ... in the Dungeon (Sprint IX: "|||||||||||||||||||||||||||||").
             The game lasted 00:01:56 (220 turns).

rocky1 the Cruncher (Demonspawn Gladiator)           Turns: 220, Time: 00:01:56

Health: -8/49      AC: 17    Str: 16    XL:     6   Next: 30%
Magic:  6/7        EV:  9    Int:  9    God:    Makhleb [......]
Gold:   0          SH:  0    Dex: 15    Spells: 5/5 levels left

rFire   . . .        n - +4 quarterstaff (speed)
rCold   . . .        (shield currently unavailable)
rNeg    . . .        p - +0 plate armour
rPois   .            c - +0 helmet
rElec   .            o - +0 cloak
rCorr   .            (no gloves)
SInv    .            (no boots)
Will    .....        (no amulet) Stlth
                     r - +2 ring of evasion
HPRegen 0.28/turn    q - +2 ring of protection
MPRegen 0.10/turn

%: no teleportation
@: no status effects
A: molten scales 1, weakness stinger 1
a: Renounce Religion


You were in the Dungeon.
You worshipped Makhleb.
Makhleb was noncommittal.
You visited 1 branch

Inventory:

Hand Weapons
 a - a +0 quarterstaff
 n - a +4 quarterstaff of speed (weapon)
Missiles
 e - a javelin
Armour
 b - a +0 leather armour
 c - a +0 helmet (worn)
 o - a +0 cloak (worn)
 p - a +0 plate armour (worn)
Jewellery
 q - a +2 ring of protection (right hand)
 r - a +2 ring of evasion (left hand)
Wands
 m - a wand of roots (8) (quivered)
Scrolls
 k - 2 scrolls of blinking
 l - 2 scrolls of amnesia
Potions
 d - a potion of invisibility
 f - 5 potions of curing
 g - 2 potions of heal wounds
 h - a potion of haste
 i - 4 potions of magic
 j - a potion of berserk rage


   Skills:
 + Level 4.6 Fighting
 + Level 8.8 Staves
 - Level 2.0 Throwing
 + Level 2.6 Armour
 + Level 7.6 Dodging
 - Level 1.7 Stealth
 * Level 2.5 Invocations
 + Level 0.1 Evocations


You had 5 spell levels left.
You didn't know any spells.
Your spell library was empty.

Dungeon Overview and Level Annotations

Branches:
Dungeon (1/1)

Altars:
Cheibriados
Dithmenos
Fedhas
Gozag
Hepliaklqana
Kikubaaqudgha
Makhleb
Nemelex Xobeh
Okawaru
Qazlal
Ru
Sif Muna
Trog
Uskayaw
Vehumet
Wu Jian
Xom
Yredelemnul
Jiyva
Lugonu


Innate Abilities, Weirdness & Mutations

You are partially covered in molten scales. (AC +2)
You have a small tail.


Message History

The kobold brigand hits you but does no damage.
You thump the kobold brigand! You tail-slap the kobold brigand.
The kobold brigand is severely wounded.
The grasping roots constrict the kobold brigand.
You barely miss the kobold brigand.
Your tail-slap misses the kobold brigand.
The kobold brigand is almost dead.
The grasping roots constrict the kobold brigand.
The kobold brigand completely misses you.
You completely miss the kobold brigand.
The kobold brigand is almost dead.
The grasping roots constrict the kobold brigand.
You kill the kobold brigand!
Makhleb accepts your kill.
Your Invocations skill gained 2 levels and is now at level 2!
Unknown command.
Unknown command.
Aiming: Fastroot
Press: ? - help, Q - select action, (/) - cycle Shift-Dir - straight line, f - komodo dragon
Aim: a komodo dragon The roots erupt in riotous growth!
Roots grab the komodo dragon.
The grasping roots constrict the komodo dragon.
The komodo dragon bites you!
You hit the komodo dragon but do no damage.
You tail-slap the komodo dragon, but do no damage.
The komodo dragon is lightly wounded.
The grasping roots constrict the komodo dragon.
The roots release their grip on the komodo dragon.
You thump the komodo dragon!
Your tail-slap misses the komodo dragon.
The komodo dragon is heavily wounded.
The komodo dragon bites you but does no damage.
You closely miss the komodo dragon.
The komodo dragon is heavily wounded.
You hit the komodo dragon.
The komodo dragon is heavily wounded.
The komodo dragon bites you!!
Ouch! That really hurt!
You die... ▓▓▓▓▓▓▓▓▓▓▓▓▓▓▓▓▓▓▓▓▓▓▓▓ ..YooDl@...[.)..'_______ ▓▓▓▓▓▓▓▓▓▓▓▓▓▓▓▓▓▓▓▓▓▓▓▓

You could see a komodo dragon, a yak, an orc warrior, an acid dragon and an orc priest.

Vanquished Creatures
  A centaur (D)
  A kobold brigand (D)
  2 scorpions (D)
  A howler monkey (D)
  A hound (D)
  An endoplasm (D)
  A hobgoblin (D)
  A ball python (D)
  A kobold (D)
  A rat (D)
11 creatures vanquished.

Notes
Turn   | Place    | Note
-------+----------+-------------------------------------------
     0 | D        | rocky1 the Demonspawn Gladiator began the quest for the
                  | Orb.
     0 | D        | Reached XP level 1. HP: 16/16 MP: 1/1
     6 | D        | Reached skill level 3 in Staves
    21 | D        | Noticed a scorpion
    21 | D        | Noticed a hound
    21 | D        | Noticed a centaur
    21 | D        | Noticed a scorpion
    21 | D        | Noticed a howler monkey
    27 | D        | Killed a howler monkey
    28 | D        | Reached skill level 5 in Staves
    28 | D        | Gained mutation: You have a small tail. [demonic ancestry]
    28 | D        | Reached XP level 2. HP: 18/23 MP: 2/2
    28 | D        | Gained mutation: You are partially covered in molten
                  | scales. (AC +2) [demonic ancestry]
    28 | D        | Reached XP level 3. HP: 21/28 MP: 3/3
    44 | D        | Killed a scorpion
    45 | D        | Reached skill level 6 in Staves
    45 | D        | Reached skill level 1 in Armour
    45 | D        | Reached skill level 5 in Dodging
    45 | D        | Reached skill level 1 in Stealth
    45 | D        | Reached XP level 4. HP: 15/35 MP: 4/4
    52 | D        | Killed a centaur
    53 | D        | Reached skill level 7 in Staves
    53 | D        | Reached XP level 5. HP: 37/42 MP: 5/5
    65 | D        | Reached skill level 8 in Staves
    65 | D        | Reached XP level 6. HP: 37/49 MP: 6/6
   107 | D        | Found a snail-covered altar of Cheibriados.
   107 | D        | Found a shadowy altar of Dithmenos.
   107 | D        | Found a blossoming altar of Fedhas.
   107 | D        | Found an opulent altar of Gozag.
   108 | D        | Found a hazy altar of Hepliaklqana.
   109 | D        | Found a viscous altar of Jiyva.
   110 | D        | Found an ancient bone altar of Kikubaaqudgha.
   111 | D        | Found a corrupted altar of Lugonu.
   114 | D        | Found a burning altar of Makhleb.
   115 | D        | Found a sparkling altar of Nemelex Xobeh.
   116 | D        | Found an iron altar of Okawaru.
   119 | D        | Found a stormy altar of Qazlal.
   120 | D        | Found a sacrificial altar of Ru.
   121 | D        | Found a shimmering blue altar of Sif Muna.
   122 | D        | Found a bloodstained altar of Trog.
   123 | D        | Found a hide-covered altar of Uskayaw.
   124 | D        | Found a radiant altar of Vehumet.
   125 | D        | Found an ornate altar of the Wu Jian Council.
   126 | D        | Found a shimmering altar of Xom.
   127 | D        | Found a basalt altar of Yredelemnul.
   160 | D        | Became a worshipper of Makhleb the Destroyer
   211 | D        | Noticed a yak
   211 | D        | Noticed an orc warrior
   211 | D        | Noticed an acid dragon
   211 | D        | Noticed a komodo dragon
   220 | D        | Mangled by a komodo dragon

Illustrated notes

Levels and vault maps discovered:
D:        linesprint [early_d, line_temple, items_1, d_10, items_2, lair_1,
          lair_end, items_3, orc_1, orc_end, items_4, d_15, swamp_1, shoals_1,
          snake_1, spider_1, d_20, vaults_1, items_5, swamp_end, shoals_end,
          snake_end, spider_end, vaults_end, d_27, items_6, zot_1, zot_end,
          crypt_end, forest_end, elf_end, slime_end, tomb_end, abyss_end,
          pan_hell_end]

Skill      XL: |  1  2  3  4  5  6 |
---------------+-------------------+-----
Staves         | 5 6 7 8 |  8.8
Dodging        | 4 5 6 7 |  7.6
Throwing       | 2 |  2.0
Fighting       | 3 4 |  4.6
Armour         | 1 2 |  2.6
Stealth        | 1 |  1.7
Invocations    | 2 |  2.5
Evocations     | |  0.1

Action                     |  1- 3 |  4- 6 || total
---------------------------+-------+-------++-------
  Melee: Quarterstaff      |    28 |    24 ||    52
         Tailslap          |     3 |     5 ||     8
  Throw: Throwing net      |     2 |     1 ||     3
  Evoke: Wand              |       |     2 ||     2
    Use: Potion            |       |     1 ||     1
   Stab: Held in net/web   |     1 |       ||     1
 Armour: Leather armour    |    12 |    17 ||    29
         Plate armour      |       |     4 ||     4
  Dodge: Dodged            |    11 |    17 ||    28

Table legend: (Time is in decaauts)
 A = Elapsed time spent in this place.
 B = Non-inter-level travel time spent in this place.
 C = Inter-level travel time spent in this place.
 D = Time resting spent in this place.
 E = Time spent auto-exploring this place.
 F = Levels seen in this place.
 G = Mean time per level.
                   A        B        C        D        E       F      G
               +--------+--------+--------+--------+--------+-----+--------+
         Total |    217 |    217 |      0 |     41 |      0 |   1 |  217.0 |
       Dungeon |    217 |    217 |      0 |     41 |      0 |   1 |  217.0 |
               +--------+--------+--------+--------+--------+-----+--------+

Top non-repeatable levels by time:
       D: 217 daAuts
